PAA
RICHLAND RAILS @ TACOMA FUR TRADERS
08/17/2031
 
TOP OF THE 1ST
Richland Rails batting - Pitching for Tacoma Fur Traders : RHP Luis Castrejón
Pitching: RHP Luis Castrejón
Batting: RHB Alejandro Herrera 0-0: Ball
1-0: Swinging Strike
1-1: Ball
2-1: Ball
3-1: Base on Balls
Batting: LHB Jared Morningstar 0-0: Ball
1-0: Swinging Strike
1-1: Ball
2-1: Ball
3-1: Base on Balls
Alejandro Herrera to second
Batting: SHB Tony Manzanares 0-0: Called Strike
0-1: Ball
1-1: Foul Ball, location: 2F
1-2: Foul Ball, location: 2F
1-2: Strikes out swinging
Batting: RHB León Preciado 0-0: Called Strike
0-1: Called Strike
0-2: Foul Ball, location: 2F
0-2: Ball
Passed Ball!
Alejandro Herrera to third
Jared Morningstar to second
1-2: Ball
2-2: Fly out, F8 (Line Drive, 8RM)
Runner from 3rd tags up, OUT at HOME
Top of the 1st over - 0 runs, 0 hits, 0 errors, 1 left on base; Richland 0 - Tacoma 0
BOTTOM OF THE 1ST
Tacoma Fur Traders batting - Pitching for Richland Rails : RHP Claudio Palma
Pitching: RHP Claudio Palma
Batting: RHB John Fitzgerald 0-0: Swinging Strike
0-1: Ball
1-1: Swinging Strike
1-2: Foul Ball, location: 2F
1-2: Strikes out swinging, 2-3 out at first.
Batting: RHB Michael Palledorous 0-0: Called Strike
0-1: Ball
1-1: Ball
2-1: Foul Ball, location: 2F
2-2: Foul Ball, location: 2F
2-2: Ground out U3 (Groundball, 3)
Batting: RHB Daryl Yandell 0-0: Foul Ball, location: 2F
0-1: Called Strike
0-2: Ball
1-2: Ball
2-2: Strikes out swinging
Bottom of the 1st over - 0 runs, 0 hits, 0 errors, 0 left on base; Richland 0 - Tacoma 0
TOP OF THE 2ND
Richland Rails batting - Pitching for Tacoma Fur Traders : RHP Luis Castrejón
Batting: LHB Wulf Paauwe 0-0: Ball
1-0: Ball
2-0: Ground out 4-3 (Groundball, 4)
Batting: RHB Yoichibei Chikafuji 0-0: Called Strike
0-1: Foul Ball, location: 2F
0-2: Fly out, F8 (Flyball, 8RS)
Batting: RHB Luo-lang Li 0-0: Ball
1-0: Ball
2-0: Called Strike
2-1: Ground out U3 (Groundball, 34S)
Top of the 2nd over - 0 runs, 0 hits, 0 errors, 0 left on base; Richland 0 - Tacoma 0
BOTTOM OF THE 2ND
Tacoma Fur Traders batting - Pitching for Richland Rails : RHP Claudio Palma
Batting: RHB Amon-Ra St. Brown 0-0: Called Strike
0-1: Swinging Strike
0-2: Ball
1-2: Strikes out looking
Batting: RHB Mike Case 0-0: Ball
1-0: Swinging Strike
1-1: Foul Ball, location: 2F
1-2: Ball
2-2: Fly out, F7 (Line Drive, 78M)
Batting: RHB Alan Patterson 0-0: Ground out 3-1 (Groundball, 34)
Bottom of the 2nd over - 0 runs, 0 hits, 0 errors, 0 left on base; Richland 0 - Tacoma 0
TOP OF THE 3RD
Richland Rails batting - Pitching for Tacoma Fur Traders : RHP Luis Castrejón
Batting: LHB Juan Rosado 0-0: Fly out, F7 (Flyball, 7)
Batting: SHB Bill Bambridge 0-0: Foul Ball, location: 2F
0-1: Ball
1-1: Foul Ball, location: 2F
1-2: Strikes out swinging
Batting: RHB Alejandro Herrera 0-0: Called Strike
0-1: Swinging Strike
0-2: Strikes out swinging
Top of the 3rd over - 0 runs, 0 hits, 0 errors, 0 left on base; Richland 0 - Tacoma 0
BOTTOM OF THE 3RD
Tacoma Fur Traders batting - Pitching for Richland Rails : RHP Claudio Palma
Batting: RHB Sherman N'Dir 0-0: Ball
1-0: Swinging Strike
1-1: SINGLE (Line Drive, 4D)
Batting: RHB Bill Perkins 0-0: Foul Ball, location: 2F
0-1: Fly out, F3 (Popup, 23F)
Batting: SHB Gilberto Chávez 0-0: Called Strike
0-1: Foul Ball, location: 2F
0-2: Ball
1-2: Ball
2-2: Strikes out swinging
Batting: RHB John Fitzgerald 0-0: Called Strike
0-1: Called Strike
0-2: Ball
1-2: Foul Ball, location: 2F
1-2: Strikes out looking
Bottom of the 3rd over - 0 runs, 1 hit, 0 errors, 1 left on base; Richland 0 - Tacoma 0
TOP OF THE 4TH
Richland Rails batting - Pitching for Tacoma Fur Traders : RHP Luis Castrejón
Batting: LHB Jared Morningstar 0-0: Foul Ball, location: 2F
0-1: Fly out, F9 (Flyball, 9D)
Batting: SHB Tony Manzanares 0-0: Foul Ball, location: 2F
0-1: Ball
1-1: Ball
2-1: Fly out, F9 (Flyball, 89S)
Batting: RHB León Preciado 0-0: Called Strike
0-1: Fly out, F9 (Flyball, 9LS)
Top of the 4th over - 0 runs, 0 hits, 0 errors, 0 left on base; Richland 0 - Tacoma 0
BOTTOM OF THE 4TH
Tacoma Fur Traders batting - Pitching for Richland Rails : RHP Claudio Palma
Batting: RHB Michael Palledorous 0-0: Ball
1-0: Ball
2-0: Fly out, F7 (Flyball, 7S)
Batting: RHB Daryl Yandell 0-0: Called Strike
0-1: Fly out, F7 (Flyball, 7S)
Batting: RHB Amon-Ra St. Brown 0-0: Ball
1-0: SINGLE (Groundball, 56) (infield hit)
Batting: RHB Mike Case 0-0: Foul Ball, location: 2F
0-1: Ball
1-1: Swinging Strike
1-2: Strikes out swinging
Bottom of the 4th over - 0 runs, 1 hit, 0 errors, 1 left on base; Richland 0 - Tacoma 0
TOP OF THE 5TH
Richland Rails batting - Pitching for Tacoma Fur Traders : RHP Luis Castrejón
Batting: LHB Wulf Paauwe 0-0: Ball
1-0: Ground out 4-3 (Groundball, 4)
Batting: RHB Yoichibei Chikafuji 0-0: Called Strike
0-1: Ball
1-1: Ball
2-1: Swinging Strike
2-2: SINGLE (Line Drive, 78M)
Batting: RHB Luo-lang Li 0-0: Ball
Yoichibei Chikafuji steals 2nd base
1-0: Ball
2-0: Ground out U3 (Groundball, 34)
Yoichibei Chikafuji to third
Batting: LHB Juan Rosado 0-0: Ground out U3 (Groundball, 3)
Top of the 5th over - 0 runs, 1 hit, 0 errors, 1 left on base; Richland 0 - Tacoma 0
BOTTOM OF THE 5TH
Tacoma Fur Traders batting - Pitching for Richland Rails : RHP Claudio Palma
Batting: RHB Alan Patterson 0-0: Called Strike
0-1: Ball
1-1: Foul Ball, location: 2F
1-2: Ball
2-2: Foul Ball, location: 2F
2-2: Fly out, F5 (Line Drive, 56)
Batting: RHB Sherman N'Dir 0-0: Ball
1-0: SINGLE (Groundball, 34D)
Pitching: RHP Armando Ríos
Batting: RHB Bill Perkins 0-0: Ground out 5-3 (Groundball, 56S)
Sherman N'Dir to second
Batting: SHB Gilberto Chávez 0-0: Ball
1-0: Ball
2-0: Foul Ball, location: 2F
2-1: Ball
3-1: DOUBLE (Line Drive, 9LS)
Sherman N'Dir scores
Batting: RHB John Fitzgerald 0-0: Ball
1-0: Ball
2-0: Called Strike
2-1: Foul Ball, location: 2F
2-2: Ball
3-2: Strikes out swinging
Bottom of the 5th over - 1 run, 2 hits, 0 errors, 1 left on base; Richland 0 - Tacoma 1
TOP OF THE 6TH
Richland Rails batting - Pitching for Tacoma Fur Traders : RHP Luis Castrejón
Batting: SHB Bill Bambridge 0-0: Ball
1-0: Swinging Strike
1-1: Ball
2-1: Fly out, F9 (Flyball, 9S)
Batting: RHB Alejandro Herrera 0-0: Ball
1-0: Ball
2-0: Called Strike
2-1: Ground out 1-3 (Groundball, P)
Batting: LHB Jared Morningstar 0-0: Foul Ball, location: 2F
0-1: Foul Ball, location: 2F
0-2: Strikes out swinging
Top of the 6th over - 0 runs, 0 hits, 0 errors, 0 left on base; Richland 0 - Tacoma 1
BOTTOM OF THE 6TH
Tacoma Fur Traders batting - Pitching for Richland Rails : RHP Armando Ríos
Batting: RHB Michael Palledorous 0-0: Foul Ball, location: 2F
0-1: Ground out 5-3 (Groundball, 56S)
Batting: RHB Daryl Yandell 0-0: Ball
1-0: Ball
2-0: Ground out 1-3 (Groundball, 13S)
Batting: RHB Amon-Ra St. Brown 0-0: Called Strike
0-1: Ball
1-1: Ball
2-1: Foul Ball, location: 2F
2-2: Ball
3-2: Foul Ball, location: 2F
3-2: Fly out, F7 (Flyball, 7S)
Bottom of the 6th over - 0 runs, 0 hits, 0 errors, 0 left on base; Richland 0 - Tacoma 1
TOP OF THE 7TH
Richland Rails batting - Pitching for Tacoma Fur Traders : RHP Luis Castrejón
Batting: SHB Tony Manzanares 0-0: Ball
1-0: Called Strike
1-1: Swinging Strike
1-2: Ball
2-2: Foul Ball, location: 2F
2-2: Strikes out swinging
Batting: RHB León Preciado 0-0: Ball
1-0: Ball
2-0: Ball
3-0: Base on Balls
Pinch Runner at 1st Ernesto Carrión:
Batting: LHB Wulf Paauwe 0-0: Ball
1-0: Fielders Choice at 2nd, 4-6 (Groundball, 34)
Batting: RHB Yoichibei Chikafuji 0-0: Ball
1-0: Ball
2-0: Called Strike
2-1: Ball
3-1: Fly out, F9 (Flyball, 89S)
Top of the 7th over - 0 runs, 0 hits, 0 errors, 1 left on base; Richland 0 - Tacoma 1
BOTTOM OF THE 7TH
Tacoma Fur Traders batting - Pitching for Richland Rails : RHP Armando Ríos
Batting: RHB Mike Case 0-0: Ball
1-0: SINGLE (Groundball, 6S) (infield hit)
Batting: RHB Alan Patterson 0-0: Ball
1-0: Sac Bunt - play at first, batter OUT! 1-4
Mike Case to second
Batting: RHB Sherman N'Dir 0-0: Swinging Strike
0-1: Ball
1-1: Foul Ball, location: 2F
1-2: Fly out, F8 (Line Drive, 8RM)
Batting: RHB Bill Perkins 0-0: Ball
1-0: Ball
2-0: Ground out 5-3 (Groundball, 56)
Bottom of the 7th over - 0 runs, 1 hit, 0 errors, 1 left on base; Richland 0 - Tacoma 1
TOP OF THE 8TH
Richland Rails batting - Pitching for Tacoma Fur Traders : RHP Luis Castrejón
Batting: RHB Luo-lang Li 0-0: Called Strike
0-1: Ground out 6-3 (Groundball, 56)
Batting: LHB Juan Rosado 0-0: Swinging Strike
0-1: Foul Ball, location: 2F
0-2: Ball
1-2: Fly out, F7 (Flyball, 7LSF)
Batting: SHB Bill Bambridge 0-0: Ball
1-0: SINGLE (Line Drive, 4D)
Batting: RHB Alejandro Herrera 0-0: Foul Ball, location: 2F
0-1: Ball
1-1: Ball
2-1: Foul Ball, location: 2F
2-2: Foul Ball, location: 2F
2-2: Foul Ball, location: 2F
2-2: Ball
3-2: Strikes out swinging
Top of the 8th over - 0 runs, 1 hit, 0 errors, 1 left on base; Richland 0 - Tacoma 1
BOTTOM OF THE 8TH
Tacoma Fur Traders batting - Pitching for Richland Rails : RHP Armando Ríos
Batting: SHB Gilberto Chávez 0-0: Ball
1-0: Ball
2-0: Ground out 4-3 (Groundball, 4)
Batting: RHB John Fitzgerald 0-0: Ball
1-0: Ball
2-0: Called Strike
2-1: Called Strike
2-2: Strikes out looking
Batting: RHB Michael Palledorous 0-0: Called Strike
0-1: Swinging Strike
0-2: Ball
1-2: Fly out, F7 (Line Drive, 7)
Bottom of the 8th over - 0 runs, 0 hits, 0 errors, 0 left on base; Richland 0 - Tacoma 1
TOP OF THE 9TH
Richland Rails batting - Pitching for Tacoma Fur Traders : RHP Luis Castrejón
Batting: LHB Jared Morningstar 0-0: Ball
1-0: Ball
2-0: Foul Ball, location: 2F
2-1: Ball
3-1: Ground out 5-3 (Groundball, 56)
Batting: SHB Tony Manzanares 0-0: SOLO HOME RUN (Flyball, 9LD), Distance : 357 ft
Batting: SHB Ernesto Carrión 0-0: Ball
1-0: Foul Ball, location: 2F
1-1: Called Strike
1-2: Strikes out looking
Batting: LHB Wulf Paauwe 0-0: Ball
1-0: SINGLE (Line Drive, 89S)
Pitching: LHP Pedro Pérez
Batting: RHB Yoichibei Chikafuji 0-0: SINGLE (Groundball, 4MD)
Wulf Paauwe to second
Pinch Runner at 2nd Wilford Funkhouser:
Batting: RHB Luo-lang Li 0-0: Called Strike
0-1: Ball
1-1: Called Strike
1-2: SINGLE (Groundball, 4MD)
Wilford Funkhouser to third
Yoichibei Chikafuji to second
Runner from 3rd tries for Home, SAFE, no throw
Pinch Hitting: RHB Fytor Ceia 0-0: Ball
1-0: Ball
2-0: Foul Ball, location: 2F
2-1: Ball
3-1: Swinging Strike
3-2: Foul Ball, location: 2F
3-2: Base on Balls
Yoichibei Chikafuji to third
Luo-lang Li to second
Batting: SHB Bill Bambridge 0-0: Ball
1-0: Ball
2-0: Ball
3-0: Called Strike
3-1: Swinging Strike
3-2: SINGLE (Flyball, 9S)
Yoichibei Chikafuji scores
Luo-lang Li to third
Fytor Ceia to second
Luo-lang Li scores
Fytor Ceia to third
Batting: RHB Alejandro Herrera 0-0: Called Strike
0-1: Foul Ball, location: 2F
0-2: Ball
1-2: Ground out 4-3 (Groundball, 4S)
Top of the 9th over - 4 runs, 5 hits, 0 errors, 2 left on base; Richland 4 - Tacoma 1
BOTTOM OF THE 9TH
Tacoma Fur Traders batting - Pitching for Richland Rails : RHP Armando Ríos
Now at 1B: Víctor Puente
Now in LF: Wilford Funkhouser
Batting: RHB Daryl Yandell 0-0: Called Strike
0-1: Ball
1-1: Ball
2-1: Swinging Strike
2-2: Strikes out swinging
Batting: RHB Amon-Ra St. Brown 0-0: Foul Ball, location: 2F
0-1: Ball
1-1: Ball
2-1: Swinging Strike
2-2: Ground out 5-3 (Groundball, 25)
Batting: RHB Mike Case 0-0: Hit by Pitch
Batting: RHB Alan Patterson 0-0: Called Strike
0-1: Ground out 1-3 (Groundball, 15S)
Bottom of the 9th over - 0 runs, 0 hits, 0 errors, 1 left on base; Richland 4 - Tacoma 1
Tuesday, June 12th, 2018 - OOTP Baseball 18.8 Build 76